 Dungeon Crawl Stone Soup version 0.22.1-2-g9c5b331 (webtiles) character file.

21763 sverre the Arsonist (level 12, -1/73 HPs)
             Began as a Deep Elf Fire Elementalist on Dec 25, 2018.
             Was an Elder of Vehumet.
             Slain by an ice devil (10 damage)
             ... in an ice cave on Dec 27, 2018.
             The game lasted 02:33:47 (16283 turns).

sverre the Arsonist (Deep Elf Fire Elementalist)   Turns: 16283, Time: 02:33:48

Health: -1/73      AC:  9    Str:  9    XL:     12   Next: 57%
Magic:  12/24      EV: 18    Int: 22    God:    Vehumet [****..]
Gold:   48         SH:  0    Dex: 15    Spells: 3/25 levels left

rFire    + . .     SeeInvis .   S - +1 scimitar (vamp)
rCold    + . .     Gourm    .   (no shield)
rNeg     + . .     Faith    .   v - +0 troll leather armour
rPois    +         Spirit   .   t - -2 hat of the Alchemist {rElec rPois rF+ rC+ rN+ MR+ rMut rCorr}
rElec    +         Reflect  .   (no cloak)
rCorr    +         Harm     .   g - +0 pair of gloves
rMut     +                      N - +0 pair of boots
MR       ++...                  O - amulet of rage
Stlth    ++++......             u - ring of wizardry
HPRegen  0.62/turn              K - +4 ring of protection
MPRegen  0.19/turn

@: no status effects
A: no striking features
a: Renounce Religion, Evoke Berserk Rage


You were in an ice cave.
You worshipped Vehumet.
Vehumet was greatly pleased with you.
You were very hungry.

You visited 3 branches of the dungeon, and saw 16 of its levels.
You also visited: Ice Cave.

You collected 928 gold pieces.
You spent 880 gold pieces at shops.

Inventory:

Hand Weapons
 Q - a +3 war axe of electrocution
 S - a +1 vampiric scimitar (weapon)
Missiles
 L - 77 arrows
 T - a throwing net (quivered)
Armour
 g - a +0 pair of gloves (worn)
 t - the -2 hat of the Alchemist (worn) {rElec rPois rF+ rC+ rN+ MR+ rMut rCorr}
   (You bought it in a shop on level 10 of the Dungeon)

   It protects you from fire.
   It protects you from cold.
   It insulates you from electricity.
   It protects you from poison.
   It protects you from negative energy.
   It affects your resistance to hostile enchantments.
   It provides partial protection from all sources of acid and corrosion.
   It protects you from mutation.
 v - a +0 troll leather armour (worn)
 y - +0 storm dragon scales
 N - a +0 pair of boots (worn)
Jewellery
 u - a ring of wizardry (left hand)
 E - an uncursed ring of poison resistance
 G - an uncursed ring of protection from fire
 H - an uncursed ring of fire
 K - a +4 ring of protection (right hand)
 O - an amulet of rage (around neck)
 P - an uncursed ring of flight
 W - an uncursed ring of see invisible
Wands
 F - a wand of acid (13)
 I - a wand of digging (6)
 M - a wand of disintegration (9)
 X - a wand of polymorph (30)
Scrolls
 i - 3 scrolls of amnesia
 j - 3 scrolls of magic mapping
 n - 4 scrolls of blinking
 o - 8 scrolls of teleportation
 r - 10 scrolls of remove curse
 w - 4 scrolls of enchant armour
 U - 2 scrolls of identify
Potions
 a - 2 potions of cancellation
 d - 5 potions of brilliance
 e - 5 potions of flight
 f - 3 potions of invisibility
 l - 2 potions of berserk rage
 m - 2 potions of resistance
 p - 3 potions of curing
 q - a potion of heal wounds
 s - 3 potions of lignification
 z - a potion of haste
 B - 2 potions of mutation
 J - a potion of agility
Comestibles
 c - 20 rations


   Skills:
 + Level 7.8 Fighting
 + Level 6.4 Armour
 + Level 9.6 Dodging
 - Level 9.0 Stealth
 - Level 7.0 Spellcasting
 + Level 10.0 Conjurations
 + Level 5.6 Hexes
 + Level 10.1 Fire Magic
 + Level 1.7 Air Magic


You had 3 spell levels left.
You knew the following spells:

 Your Spells              Type           Power        Failure   Level  Hunger
a - Flame Tongue          Conj/Fire      #####        1%          1    None
b - Throw Flame           Conj/Fire      ######       1%          2    None
c - Conjure Flame         Conj/Fire      ######..     1%          3    None
d - Sticky Flame          Conj/Fire      ######..     1%          4    ###....
e - Shock                 Conj/Air       ####         1%          1    None
f - Fireball              Conj/Fire      ######....   1%          5    #####..
g - Confuse               Hex            ####....     1%          3    None
h - Tukima's Dance        Hex            ####....     1%          3    None

Your spell library contained the following spells:

 Spells                   Type           Power        Failure   Level  Hunger
 Airstrike                Air            ###.......   6%          4    ###....
 Corona                   Hex            ####...      1%          1    None
 Slow                     Hex            ####....     1%          2    None
 Dazzling Spray           Conj/Hex       #####.       1%          3    None
 Inner Flame              Hex/Fire       #####...     1%          3    None
 Ensorcelled Hibernation  Hex/Ice        ###...       2%          2    None
 Portal Projectile        Hex/Tloc       ###...       4%          3    None
 Cause Fear               Hex            ####......   4%          4    ###....
 Leda's Liquefaction      Hex/Erth       ###.......   14%         4    ###....


Dungeon Overview and Level Annotations

Branches:
Dungeon (10/15)            Temple (1/1) D:4            Lair (5/6) D:10
  Swamp (0/4) Lair:4        Snake (0/4) Lair:2        Slime (0/5) Lair:5
    Orc: D:9-12

Altars:
Ashenzari
Dithmenos
Elyvilon
Gozag
Kikubaaqudgha
Makhleb
Ru
Sif Muna
Uskayaw
Vehumet
Wu Jian
Xom
Zin
The Shining One
Jiyva

Shops:
D:8 =   D:10 [(*(

Annotations:
D:9 Harold
D:10 exclusion: door
Lair:1 Nergalle


Message History

The ice devil freezes you! You resist.
* * * LOW HITPOINT WARNING * * *
The ice devil completely misses you.
You riposte.
You hit the ice devil but do no damage.
The ice devil is severely wounded.
The ice devil burns!
The ice devil stops burning.
Casting: Flame Tongue (safe; 1% risk of failure)
Confirm with . or Enter, or press ? or * to list all spells.
Aiming: Sticky Flame (safe; 1% risk of failure)
Press: ? - help, Shift-Dir - straight line, f - ice devil, p - ice devil
Aim: an ice devil (heavily wounded)
The sticky flame hits the ice devil.
The ice devil appears unharmed.
The ice devil is heavily wounded.
The ice devil is covered in liquid flames!
You are feeling very hungry.
You are engulfed in freezing vapours.
You resist.
* * * LOW HITPOINT WARNING * * *
The ice devil burns!
The ice devil burns!
The ice devil hits you!
You die...

.## #§§§.#§...§§..#§..§§§.#
..## ##§§§§§##.§####§§§§§.#
#..# ###§§§.##.§.§§§.§§#
#..#### ###§§.....§§§§#
....#.### ####....§§§##
........### ######.§§###
..........#### ###...##
.............###### ####...##
........#.......@4##§§§##...##
.......###.#....§§4§§§§§###..#
......## ######.§##§§§§§##...#
..##### #.≈§##.§§§####..## ###
#.§.###§###...###
##....###....## ##........###
###....### ######


You could see 2 ice devils.

Vanquished Creatures
  A reaper (IceCv)
  4 hydras
  A two-headed ogre (D:9)
  3 elephants (Lair:4)
  2 ice statues (IceCv)
  A black mamba (Lair:2)
  A spiny frog (Lair:2)
  A rime drake (Lair:4)
  2 komodo dragons
  6 ice devils (IceCv)
  A merfolk (D:10)
  5 blink frogs (Lair:4)
  3 trolls
  Prince Ribbit (D:7)
  3 hippogriffs
  Sigmund (D:6)
  2 basilisks (Lair:1)
  15 yaks
  2 hungry ghosts
  4 nagas (Lair:2)
  A soldier ant (D:9)
  6 water moccasins
  7 porcupines
  9 ice beasts
  3 phantoms
  10 wolves
  5 ogres
  A centaur (D:5)
  6 crocodiles
  16 bullfrogs
  A water moccasin zombie (D:9)
  A wyvern skeleton (D:9)
  A water moccasin skeleton (D:9)
  5 scorpions
  3 electric eels
  2 crimson imps
  2 quasits (D:10)
  4 orc priests
  3 hounds
  6 orc wizards
  A bullfrog skeleton (D:9)
  3 iguanas
  2 centaur skeletons
  9 worker ants
  A hound zombie (D:5)
  A hound skeleton (D:2)
  Robin (D:4)
  A howler monkey skeleton (D:10)
  10 adders
  3 shadow imps
  6 white imps (IceCv)
  5 ufetubi (IceCv)
  2 oozes
  2 adder zombies
  2 adder skeletons
  4 worms
  2 dart slugs
  4 leopard geckos
  17 orcs
  5 giant cockroaches
  17 goblins
  9 hobgoblins
  6 jackals
  5 quokkas
  10 bats
  5 frilled lizards
  10 kobolds
  2 leopard gecko skeletons (D:5)
  A leopard gecko zombie (D:6)
  A quokka skeleton (D:6)
  11 rats
309 creatures vanquished.

Vanquished Creatures (others)
  7 white imps (IceCv)
  3 ufetubi (IceCv)
  A fungus (Lair:3)
11 creatures vanquished.

Grand Total: 320 creatures vanquished

Notes
Turn   | Place    | Note
-------+----------+-------------------------------------------
     0 | D:1      | sverre the Deep Elf Fire Elementalist began the quest for
                  | the Orb.
     0 | D:1      | Reached XP level 1. HP: 10/10 MP: 6/6
   492 | D:1      | Reached XP level 2. HP: 14/15 MP: 4/8
   497 | D:1      | Learned a level 2 spell: Throw Flame
  1426 | D:2      | Found a hide-covered altar of Uskayaw.
  1453 | D:2      | Reached XP level 3. HP: 17/19 MP: 9/9
  1863 | D:2      | Reached skill level 1 in Fighting
  1863 | D:2      | Reached XP level 4. HP: 24/25 MP: 5/10
  1915 | D:2      | Learned a level 3 spell: Conjure Flame
  2075 | D:3      | Reached XP level 5. HP: 11/29 MP: 1/11
  2761 | D:4      | Found a staircase to the Ecumenical Temple.
  2782 | Temple   | Entered the Ecumenical Temple
  2785 | Temple   | Became a worshipper of Vehumet
  2835 | D:4      | Learned a level 4 spell: Sticky Flame
  3421 | D:4      | Reached XP level 6. HP: 34/34 MP: 3/12
  3809 | D:4      | Reached skill level 1 in Armour
  3993 | D:3      | Reached skill level 5 in Fire Magic
  4120 | D:4      | Noticed Robin
  4147 | D:4      | Killed Robin
  4150 | D:4      | Got a fine helmet
  4249 | D:4      | Identified the cursed +0 helmet of the Devil's Team {MR+
                  | MP+9 Dex+3} (You took it off Robin on level 4 of the
                  | Dungeon)
  4544 | D:4      | Reached skill level 5 in Conjurations
  4713 | D:5      | Entered Level 5 of the Dungeon
  4901 | D:5      | Reached XP level 7. HP: 40/40 MP: 13/13
  5320 | D:6      | Reached * piety under Vehumet
  5320 | D:6      | Offered knowledge of Shock by Vehumet.
  5524 | D:6      | Reached XP level 8. HP: 39/45 MP: 14/14
  5769 | D:6      | Noticed Sigmund
  5814 | D:6      | Killed Sigmund
  6231 | D:7      | Learned a level 1 spell: Shock
  6383 | D:7      | Noticed a hippogriff
  6391 | D:7      | Killed a hippogriff
  6646 | D:7      | Learned a level 5 spell: Fireball
  6671 | D:7      | Noticed Prince Ribbit
  6777 | D:7      | Reached XP level 9. HP: 51/51 MP: 18/18
  6855 | D:7      | Killed Prince Ribbit
  6927 | D:8      | Reached skill level 5 in Spellcasting
  7319 | D:8      | Found Imaune's Jewellery Emporium.
  7328 | D:8      | Offered knowledge of Sandblast by Vehumet.
  7329 | D:8      | Reached ** piety under Vehumet
  7836 | D:9      | Reached skill level 5 in Dodging
  7892 | D:9      | Learned a level 3 spell: Confuse
  7971 | D:9      | Noticed a two-headed ogre
  8231 | D:9      | Killed a two-headed ogre
  8231 | D:9      | Reached skill level 1 in Hexes
  8457 | D:9      | Reached XP level 10. HP: 57/57 MP: 21/21
  8899 | D:9      | Learned a level 3 spell: Tukima's Dance
  8903 | D:9      | Noticed Harold
  9114 | D:9      | Noticed a two-headed ogre
  9245 | D:10     | Entered Level 10 of the Dungeon
  9262 | D:10     | Found Zysiy's Antique Weapon Boutique.
  9507 | D:10     | Bought a runed scimitar for 140 gold pieces
  9648 | D:10     | Found Iliogrupua's Assorted Antiques.
  9651 | D:10     | Bought a pink potion for 23 gold pieces
  9651 | D:10     | Bought an ivory wand for 104 gold pieces
  9716 | D:10     | Offered knowledge of Static Discharge by Vehumet.
  9956 | D:10     | Found Pugufeil's Armour Shop.
 10011 | D:10     | Found Gupakhex's Weapon Shop.
 10157 | D:10     | Found a staircase to the Lair.
 10318 | Lair:1   | Entered Level 1 of the Lair of Beasts
 10481 | Lair:1   | Reached skill level 5 in Fighting
 10529 | Lair:1   | Reached *** piety under Vehumet
 10987 | Lair:1   | Noticed Nergalle
 11155 | Lair:2   | Reached skill level 5 in Stealth
 11241 | Lair:2   | Noticed an eight-headed hydra
 11245 | Lair:2   | Noticed a spiny frog
 11249 | Lair:2   | Killed an eight-headed hydra
 11249 | Lair:2   | Reached skill level 5 in Hexes
 11249 | Lair:2   | Reached XP level 11. HP: 64/64 MP: 5/23
 11513 | Lair:2   | Found a staircase to the Snake Pit.
 12430 | Lair:3   | Offered knowledge of Olgreb's Toxic Radiance by Vehumet.
 12988 | Lair:3   | Noticed an eight-headed hydra
 13115 | Lair:3   | Killed an eight-headed hydra
 13115 | Lair:3   | Reached skill level 5 in Armour
 13529 | D:10     | Bought the -2 hat of the Alchemist {rElec rPois rF+ rC+ rN+
                  | MR+ rMut rCorr} for 613 gold pieces
 13529 | D:10     | Found the -2 hat of the Alchemist {rElec rPois rF+ rC+ rN+
                  | MR+ rMut rCorr}
 14436 | Lair:4   | Reached XP level 12. HP: 55/72 MP: 9/24
 14603 | Lair:4   | Found a staircase to the Swamp.
 14610 | Lair:4   | Noticed a seven-headed hydra
 14630 | Lair:4   | Killed a seven-headed hydra
 15250 | Lair:5   | Found a staircase to the Slime Pits.
 15250 | Lair:5   | Found a viscous altar of Jiyva.
 15354 | Lair:5   | Noticed a seven-headed hydra
 15366 | Lair:5   | Killed a seven-headed hydra
 15416 | Lair:5   | Found a frozen archway.
 15488 | Lair:5   | Reached **** piety under Vehumet
 15643 | IceCv    | Entered an ice cave
 15644 | IceCv    | Offered knowledge of Airstrike by Vehumet.
 16027 | IceCv    | Reached skill level 10 in Fire Magic
 16039 | IceCv    | Reached skill level 1 in Air Magic
 16135 | IceCv    | Noticed a reaper
 16144 | IceCv    | Killed a reaper
 16144 | IceCv    | Reached skill level 10 in Conjurations
 16283 | IceCv    | Slain by an ice devil

Skill      XL: |  1  2  3  4  5  6  7  8  9 10 11 12 |
---------------+-------------------------------------+-----
Conjurations   | 2 3 4 5 6 7 9 10 | 10.0
Fighting       | 1 2 3 4 5 7 |  7.8
Fire Magic     | 4 5 6 8 9 10 | 10.1
Stealth        | 3 5 8 9 |  9.0
Armour         | 1 2 3 5 6 |  6.4
Dodging        | 4 5 6 8 9 |  9.6
Spellcasting   | 4 6 7 |  7.0
Hexes          | 1 5 |  5.6
Air Magic      | 1 |  1.7

Action                   |  1- 3 |  4- 6 |  7- 9 | 10-12 || total
-------------------------+-------+-------+-------+-------++-------
Melee: Dagger            |   118 |    59 |    10 |       ||   187
       Long sword        |       |       |    57 |     8 ||    65
       Scimitar          |       |       |       |    87 ||    87
Throw: Stone             |       |       |       |     1 ||     1
 Cast: Flame Tongue      |    36 |   102 |   194 |   283 ||   615
       Throw Flame       |       |     4 |    17 |    16 ||    37
       Sticky Flame      |       |     3 |    12 |    79 ||    94
       Conjure Flame     |       |     1 |     3 |     7 ||    11
       Fireball          |       |       |     3 |    31 ||    34
       Shock             |       |       |     3 |     1 ||     4
       Tukima's Dance    |       |       |       |     8 ||     8
       Confuse           |       |       |       |     8 ||     8
  Use: Scroll            |     5 |     4 |     7 |     5 ||    21
       Potion            |     3 |       |       |     6 ||     9
 Stab: Sleeping          |    14 |    11 |     9 |       ||    34
  Eat: Chunk             |     3 |    10 |    14 |    27 ||    54
       Ration            |       |       |     1 |     5 ||     6
Armor: Robe              |    43 |    17 |       |       ||    60
       Animal skin       |       |     1 |    40 |       ||    41
       Ring mail         |       |       |    10 |    32 ||    42
       Troll leather arm |       |       |       |    81 ||    81
Dodge: Dodged            |   102 |    51 |   105 |   246 ||   504
       Rpst.: Long sword |       |       |    36 |     6 ||    42
       Scimitar          |       |       |       |    59 ||    59
